 Dungeon Crawl Stone Soup version 0.29.0-4-gdea44cf6ec (webtiles) character file.

Game seed: 13807223437181534739

35 qw the Chopper (level 3, 0/21 HPs)
             Began as a Tengu Warper on Aug 28, 2022.
             Slain by a dart slug (1 damage)
             ... on level 2 of the Dungeon.
             The game lasted 00:00:05 (1148 turns).

qw the Chopper (Tengu Warper)                       Turns: 1148, Time: 00:00:06

Health: 0/21       AC:  7    Str: 13    XL:     3   Next: 33%
Magic:  7/7        EV:  9    Int: 13    God:
Gold:   66         SH:  0    Dex: 13    Spells: 6/6 levels left

rFire   . . .      SeeInvis .   Y - +1 hand axe
rCold   . . .      Faith    .   (no shield)
rNeg    . . .      Spirit   .   d - +0 scale mail
rPois   .          Reflect  .   (helmet restricted)
rElec   .          Harm     .   (no cloak)
rCorr   .          Rampage  .   i - +0 pair of gloves
Will    .....                   (boots unavailable)
Stlth   ..........              (no amulet)
HPRegen 0.07/turn               (no ring)
MPRegen 0.10/turn               (no ring)

@: no status effects
A: beak, talons 3
a: no special abilities


You were on level 2 of the Dungeon.
You visited 1 branch of the dungeon, and saw 2 of its levels.

You collected 66 gold pieces.


Innate Abilities, Weirdness & Mutations

You have a beak for a mouth.
You have claws for feet.


   Skills:
 - Level 2.0 Fighting
 + Level 4.0 Axes
 - Level 1.0 Throwing
 - Level 1.1 Armour
 - Level 2.1 Dodging
 - Level 2.0 Spellcasting
 - Level 2.4 Translocations


You had 6 spell levels left.
You didn't know any spells.
Your spell library contained the following spells:

 Spells                   Type           Power      Damage    Failure   Level
 Blink                    Tloc           14%        N/A       56%         2
 Gell's Gravitas          Tloc           7%         N/A       80%         3
 Lesser Beckoning         Tloc           7%         N/A       80%         3
 Teleport Other           Tloc           7%         N/A       80%         3
 Manifold Assault         Tloc           7%         N/A       100%        5

Inventory:

Hand Weapons
 h - a +0 club
 Y - a +1 hand axe (weapon)
Missiles
 l - 2 boomerangs (quivered)
Armour
 d - a +0 scale mail (worn)
 i - a +0 pair of gloves (worn)
Scrolls
 a - a scroll of identify
Potions
 g - a potion of curing
 k - a potion of mutation {unknown}

Dungeon Overview and Level Annotations

Branches:
Dungeon (2/15)

Altars:

Annotations:
D:2 Robin


Message History

You feel stronger. x2
You barely miss the hobgoblin. You claw the hobgoblin.
Your peck misses the hobgoblin.
The hobgoblin is severely wounded.
You hit the goblin.
You kill the goblin!
You hit the hobgoblin. You barely miss the goblin. You hit the goblin.
You kill the goblin!
You hit the goblin. You barely miss the goblin.
An ufetubus comes into view.
The hobgoblin barely misses you. The goblin completely misses you.
The goblin hits you but does no damage. x2
The hobgoblin hits you but does no damage.
Robin roars a battlecry!
The goblins go into a battle-frenzy!
You slash the hobgoblin!
You kill the hobgoblin!
You hit the dart slug. You barely miss the goblin.
You closely miss the goblin. x2
You hit the goblin but do no damage. You hit the hobgoblin.
The goblin hits you with a +0 club. The goblin hits you but does no damage.
The hobgoblin barely misses you. The goblin hits you with a +0 club.
The dart slug bites you.
You hit the hobgoblin.
You kill the hobgoblin!
You hit the goblin.
You kill the goblin!
You hit the goblin.
You kill the goblin!
You hit Robin. You hit the goblin.
You kill the goblin!
You hit the dart slug but do no damage. You hit the goblin.
You kill the goblin!
Robin hits you with a +0 whip. The ufetubus hits you. x2
Your Axes skill increases to level 4!
You hit the dart slug but do no damage. You claw the dart slug.
The dart slug is almost dead.
You hit the ufetubus. You hit Robin but do no damage. You hit the goblin.
You kill the goblin!
The ufetubus hits you. x2; Robin barely misses you.
The dart slug bites you.
You die...

##########
.........#
.?.......#
......gwg####
......)@5...#
......%)<##.#
+###.##### #


You could see Robin, a dart slug, an ufetubus and a goblin (strong).

Vanquished Creatures
  2 dart slugs (D:1)
  5 ball pythons (D:1)
  4 endoplasms (D:1)
  A giant cockroach (D:1)
  8 goblins (D:2)
  3 hobgoblins
  A bat (D:1)
  2 frilled lizards (D:1)
  2 rats (D:1)
28 creatures vanquished.

Notes
Turn   | Place    | Note
-------+----------+-------------------------------------------
     0 | D:1      | qw the Tengu Warper began the quest for the Orb.
     0 | D:1      | Reached XP level 1. HP: 12/12 MP: 4/4
     0 | D:1      | 0 ||| qw: Version: 0.1-a-89-g26bdef1
     0 | D:1      | 0 ||| qw: Game counter: 2301
     0 | D:1      | 0 ||| qw: Always use a shield: true
     0 | D:1      | 0 ||| qw: God list: Okawaru
     0 | D:1      | 0 ||| qw: Allow faded altars: false
     0 | D:1      | 0 ||| qw: Do Orc after D:15 true
     0 | D:1      | 0 ||| qw: Do second Lair branch before Depths: true
     0 | D:1      | 0 ||| qw: Lair rune preference: random
     0 | D:1      | 0 ||| qw: Plans: Normal
     0 | D:1      | 0 ||| PLANNING D:1-11
   303 | D:1      | Reached skill level 3 in Axes
   303 | D:1      | Reached XP level 2. HP: 14/17 MP: 6/6
   501 | D:1      | 501 ||| Stepping ~*~*~tactically~*~*~ (hiding).
   503 | D:1      | 503 ||| Stepping ~*~*~tactically~*~*~ (hiding).
  1093 | D:1      | 1093 ||| UPGRADING to +0 scale mail.
  1103 | D:1      | 1103 ||| DROPPING +0 leather armour.
  1104 | D:1      | 1104 ||| UPGRADING to +0 pair of gloves.
  1109 | D:1      | 1109 ||| READING 3 scrolls labelled DOLLUBBE YXOEX.
  1110 | D:1      | 1110 ||| READING scroll labelled KYOCSA PEGEULL.
  1111 | D:1      | 1111 ||| READING scroll labelled EGOASOFFEU.
  1112 | D:1      | 1112 ||| READING scroll labelled ZOROBI WUMIA.
  1113 | D:1      | 1113 ||| READING 2 scrolls of identify.
  1113 | D:1      | 1113 ||| IDENTIFYING fizzy cyan potion
  1114 | D:1      | 1114 ||| DROPPING scroll of blinking.
  1142 | D:2      | Noticed Robin
  1145 | D:2      | Reached XP level 3. HP: 18/21 MP: 7/7
  1148 | D:2      | Reached skill level 4 in Axes
  1148 | D:2      | HP: 5/21 [ufetubus (1)]
  1148 | D:2      | HP: 1/21 [ufetubus (4)]
  1148 | D:2      | Slain by a dart slug

Levels and vault maps discovered:
D:1:      arrival_zaba_pyramid, layout_basic
D:2:      layout_basic, serial_corexii_hall, corexii_hall_statues_s,
          corexii_hall_statues_s, minmay_heptomino_h4, uniq_jessica, uniq_robin

Skill      XL: |  1  2  3 |
---------------+----------+-----
Axes           | 3 4 |  4.0
Fighting       | |  2.0
Throwing       | |  1.0
Armour         | |  1.1
Dodging        | |  2.1
Spellcasting   | |  2.0
Translocations | |  2.4

Action                   || total
-------------------------++-------
Melee: Hand axe          ||    28
       Kick              ||     8
Throw: Boomerang         ||    20
  Use: Scroll            ||     5
Armor: Leather armour    ||     5
       Scale mail        ||     8
Dodge: Dodged            ||    16

Table legend:
 A = Non-vault XP
 B = Vault XP
 C = Vault XP percentage of total XP
 D = Non-vault monster count
 E = Vault monster count
 F = Vault count percentage of total count
                 A         B        C        D         E       F
            +---------+---------+-------+---------+---------+-------
      Total |      32 |      20 |  38.5 |      18 |      10 |  35.7
            +---------+---------+-------+---------+---------+-------
        D:1 |      32 |       0 |   0.0 |      18 |       0 |   0.0
        D:2 |       0 |      20 | 100.0 |       0 |      10 | 100.0
            +---------+---------+-------+---------+---------+-------
